AoeStats
← the British dog

Oasis

508868973Analyzed
3v3 RM · 7d ago on Sep 24, 2026· 56m 3s· 6 players
Game mode
Random Map
Map size
Normal (6 player)
Population
200
Speed
Normal
Resources
Standard
Victory
Conquest
Starting age
Dark Age
Ending age
Imperial Age
RankedLock teamsTeams togetherTeam positionsShared explorationLock speedFull tech treeHidden civsTurbo modeCheats
Victory
Defeat
🇦🇹 Spanish · Austria
801
+14
🇨🇳 Wei · China
676
+20
🇨🇳 Teutons · China
668
+20
🇿🇦 Mongols · South Africa
797
-19
🇿🇦 Malay · South Africa
754
-18
🇬🇧 Franks · United Kingdom
726
-17
Realistic_ZA
12:31 Feudal Age
16:38 Castle Age
16:53 Wheelbarrow
16:06 Double-Bit Axe
16:11 Horse Collar
27:23 Town Watch
28:17 Bow Saw
32:50 Hand Cart
34:40 Arson
34:56 Squires
35:29 Coinage
37:12 Town Patrol
37:24 Gold Mining
37:24 Stone Mining
39:36 Gold Shaft Mining
39:37 Stone Shaft Mining
38:50 Loom
42:41 Imperial Age
39:45 Pikeman
39:48 Man-at-Arms
43:04 Conscription
42:07 Elite Karambit Warrior
42:50 Forced Levy
45:26 Onager
47:57 Long Swordsman
53:00 Forging
53:08 Two-Handed Swordsman
53:10 Halberdier
the British dog
13:10 Feudal Age
15:40 Scale Barding Armor
18:41 Castle Age
17:09 Double-Bit Axe
18:02 Gold Mining
24:55 Husbandry
27:05 Gold Shaft Mining
29:18 Bow Saw
30:23 Wheelbarrow
44:21 Caravan
47:14 Chain Barding Armor
46:55 Scale Mail Armor
47:05 Forging
49:31 Imperial Age
49:37 Cavalier
49:51 Pikeman
50:30 Elite Throwing Axeman
51:50 Stone Mining
53:41 Hand Cart
52:51 Halberdier
53:31 Paladin
54:51 Plate Barding Armor
54:52 Iron Casting
Marcus Aurelius
8:13 Loom
10:11 Feudal Age
12:52 Bloodlines
20:10 Castle Age
21:32 Fletching
22:50 Double-Bit Axe
35:17 Wheelbarrow
34:35 Loom
43:33 Bodkin Arrow
43:45 Scale Barding Armor
46:30 Imperial Age
44:36 Thumb Ring
46:38 Heavy Cavalry Archer
47:45 Parthian Tactics
50:31 Heavy Camel Rider
50:56 Onager
52:02 Bow Saw
52:29 Conscription
52:13 Heavy Cavalry Archer
53:47 Bracer
53:48 Padded Archer Armor
54:09 Chain Barding Armor
54:00 Forging
jaggyjo
5:27 Loom
11:29 Feudal Age
12:23 Horse Collar
12:29 Double-Bit Axe
19:49 Castle Age
19:01 Scale Barding Armor
19:29 Stone Mining
19:29 Gold Mining
19:35 Fletching
20:07 Forging
22:12 Stone Shaft Mining
22:02 Pikeman
29:18 Heavy Plow
29:30 Bow Saw
31:17 Wheelbarrow
35:49 Imperial Age
34:37 Chain Barding Armor
34:31 Padded Archer Armor
34:21 Fletching
35:33 Squires
36:21 Bloodlines
36:15 Husbandry
37:39 Ballistics
37:51 Hand Cart
38:57 Elite Conquistador
39:42 Bodkin Arrow
42:32 Chemistry
42:11 Elite Skirmisher
42:58 Bracer
43:14 Leather Archer Armor
42:52 Halberdier
46:15 Cavalier
47:15 Inquisition
48:00 Caravan
51:31 Illumination
51:24 Block Printing
55:31 Ring Archer Armor
55:37 Iron Casting
55:03 Scale Mail Armor
55:24 Chain Barding Armor
owenhan
9:58 Feudal Age
11:53 Feudal Age
13:49 Double-Bit Axe
16:25 Castle Age
15:28 Forging
16:38 Loom
23:38 Husbandry
24:27 Horse Collar
26:23 Husbandry
26:34 Bloodlines
30:12 Wheelbarrow
29:26 Town Watch
30:19 Scale Barding Armor
30:34 Bow Saw
33:26 Gold Mining
33:26 Stone Mining
40:05 Imperial Age
38:03 Pikeman
38:43 Squires
38:29 Arson
40:22 Halberdier
40:44 Heavy Hei Guang Cavalry
41:28 Scale Mail Armor
42:04 Iron Casting
41:49 Chain Barding Armor
42:35 Chain Mail Armor
44:20 Ming Guang Armor
44:18 Conscription
44:13 Heavy Plow
46:18 Blast Furnace
46:07 Wheelbarrow
45:36 Tuntian
47:10 Caravan
51:47 Crop Rotation
52:50 Hoardings
52:19 Padded Archer Armor
52:09 Fletching
Linsen
7:40 Loom
9:16 Loom
11:30 Feudal Age
12:01 Double-Bit Axe
13:12 Horse Collar
17:56 Castle Age
16:26 Horse Collar
17:22 Bloodlines
17:47 Gold Mining
19:15 Stone Mining
20:57 Forging
22:43 Pikeman
26:15 Scale Barding Armor
28:02 Squires
33:56 Scale Mail Armor
39:29 Imperial Age
42:32 Halberdier
47:35 Conscription
48:35 Town Watch
49:26 Wheelbarrow
50:09 Chemistry
49:21 Masonry
49:53 Stone Shaft Mining
50:45 Caravan
51:40 Bow Saw
53:39 Padded Archer Armor
53:06 Heavy Scorpion
56:33 Coinage
56:06 Town Patrol
56:22 Hand Cart
57:13 Two-Man Saw
Connection lost

Rejoining the realm…

Still unreachable

The connection could not be restored.

Session expired

The server has moved on; the page needs a fresh start.